[Event "*** MasterClass Titled Tuesday Blitz"]
[Site "Chess.com"]
[Date "2017.10.03"]
[Round "5"]
[White "Induwara_IM"]
[Black "ruvat"]
[Result "1/2-1/2"]
[WhiteElo "2465"]
[BlackElo "2307"]
[TimeControl "180+2"]
[EndTime "14:10:17 PDT"]
[Termination "Game drawn - insufficient material"]

1. d4 d6 2. e4 Nf6 3. Nc3 g6 4. Bg5 Bg7 5. Qd2 c6 6. Bh6 Bxh6 7. Qxh6 Qa5 8. Bd3 b5 9. e5 dxe5 10. dxe5 Nd5 11. Ne2 Nxc3 12. bxc3 Be6 13. Qg7 Rf8 14.
O-O Nd7 15. Nd4 Qxc3 16. Nxe6 fxe6 17. Qxh7 O-O-O 18. Qxg6 Qxe5 19. Rae1 Qf6 20. Qe4 Kb7 21. Bxb5 e5 22. Rb1 Kc7 23. Qe3 Nb6 24. Bd3 Rd4 25. Rfe1 Kc8 26. f3 Nd7 27. Be4 Rh8 28. c3 Ra4 29. Rb2 Qh4 30. h3 Nb6 31. Bxc6 Nc4 32. Qf2 Nxb2 33. Bxa4 Qxf2+ 34. Kxf2 Nxa4 35. Rxe5 Kd7 36. Ra5 Nxc3 37. Rxa7+ Kd6 38. f4 Rf8 39. Ra6+ Kd7 40. Ra3 Nd5 41. g3 e5 42. Ra5 Kd6 43. Ra6+ Kc5 44. Ra5+ Kd4 45. Ra4+ Kc5 46. Ra5+ Kd4 47.
Ra4+ Kc5 48. Kf3 exf4 49. gxf4 Nc3 50. Ra5+ Kd4 51. h4 Nd5 52. Ra4+ Kc5 53. Re4 Nc3 54. Re5+ Kd4 55. a3 Nd5 56. Re4+ Kd3 57. Ra4 Nc3 58. Ra7 Nd5 59. Ra4 Nc3 60. Ra5 Ne2 61.
f5 Nd4+ 62. Kf4 Nc6 63. Rd5+ Kc4 64. Rd6 Kc5 65. Re6 Kd5 66. h5 Nd4 67. Re5+ Kd6 68. Ke4 Nc6 69. Re6+ Kd7 70. h6 Ne7 71. Re5 Rf6 72.
h7 Rh6 73. f6 Nc6 74. Rd5+ Ke6 75. Rc5 Nd8 76. Rc8 Nf7 77. a4 Rxh7 78. Rc6+ Kd7 79. Ra6 Rh5 80. Kd4 Nd6 81. a5 Rf5 82. Ra7+ Kc6 83. a6 Nb5+ 84. Ke4 Rxf6 85. Ra8 Nc7 86. Rc8 Rf1 87. a7 Ra1 88. a8=Q+ Rxa8 89. Rxa8 Nxa8 1/2-1/2

[Event "*** MasterClass Titled Tuesday Blitz"]
[Site "Chess.com"]
[Date "2017.10.03"]
[Round "5"]
[White "Tibmat"]
[Black "Bryakin_Mikhail"]
[Result "0-1"]
[WhiteElo "2387"]
[BlackElo "2497"]
[TimeControl "180+2"]
[EndTime "14:11:01 PDT"]
[Termination "Bryakin_Mikhail won by resignation"]

1. e4 c6 2. d4 d5 3. exd5 cxd5 4. Bd3 Nc6 5. c3 Nf6 6. Bf4 g6 7. Nf3 Bf5 8. Bxf5 gxf5 9. Ne5 e6 10. O-O Bg7 11. Nd2 O-O 12. Re1 Ne4 13. Ndf3 Ne7 14. Nd3 Ng6 15. Bc1 Rc8 16. Qb3 Qc7 17. h4 h6 18. h5 Ne7 19. Bf4 Qb6 20. Qxb6 axb6 21. Nfe5 Nf6 22. Re3 Nxh5 23. Nd7 Nxf4 24. Nxf4 Rfd8 25.
Nxb6 Rc6 26. Na4 Ra8 27. Nc5 b6 28. Ncd3 Kh7 29. a3 Rc7 30. g3 Nc6 31. Kg2 Na5 32. Rh1 Nc4 33. Re2 Rh8 34. Rh3 Bf6 35. Nh5 Bg5 36. f4 Be7 37. Kf3 Rg8 38. Reh2 Rg6 39. Ne5 Nxe5+ 40. fxe5 Bg5 41. Nf4 Bxf4 42. Kxf4 Rc8 43.
Rh4 Rcg8 44. R2h3 R8g7 45. Kf3 Rg8 46. Rf4 Rg4 47. a4 R8g5 48. b4 Rg8 49. a5 bxa5 50. bxa5 Rc8 51. Rxg4 Rxc3+ 52. Kf4 fxg4 53. Kxg4 Ra3 54.
Rh2 Rxa5 55. Rf2 Kg6 56. Rf6+ Kg7 57. Rf4 Ra3 58. Kh4 Re3 59. Kg4 Kg6 60. Rf6+ Kg7 61. Rf4 Kf8 62. Rf6 Ke7 63. Rf4 Ke8 64. Kh4 Ke7 65. Kg4 f5+ 66. exf6+ Kf7 67. Kh4 Rd3 68. Kg4 Re3 69. Kh4 Rc3 70. Kg4 Rc8 71. Kh5 Rg8 72. Kxh6 Rxg3 73. Kh5 Rg6 74. Rf1 Rxf6 75.
Rd1 Rf2 76. Kg4 Ke7 77. Kg3 Rf8 78. Re1 Kd6 79. Rc1 e5 80. dxe5+ Kxe5 81. Rc7 Ke4 82. Re7+ Kd3 83. Rd7 d4 84. Ra7 Ke3 85. Re7+ Kd2 86. Ra7 d3 87. Ra2+ Ke3 88. Ra3 Ke2 89. Ra6 d2 90.
Re6+ Kd1 91. Rc6 Rf5 92. Rd6 Ke2 93. Re6+ Kd3 94. Rd6+ Ke3 95. Kg4 Rf1 96. Re6+ Kd3 97. Rd6+ Kc3 98. Rc6+ Kb4 0-1

[Event "*** MasterClass Titled Tuesday Blitz"]
[Site "Chess.com"]
[Date "2017.10.03"]
[Round "5"]
[White "Bad4life"]
[Black "livestrong04"]
[Result "0-1"]
[WhiteElo "2191"]
[BlackElo "2355"]
[TimeControl "180+2"]
[EndTime "14:11:04 PDT"]
[Termination "livestrong04 won by checkmate"]

1. e4 c5 2. Nf3 e6 3. b3 Nc6 4.
Bb2 d5 5. exd5 exd5 6. Bb5 Nf6 7. Qe2+ Be7 8. Bxf6 gxf6 9. O-O Rg8 10. Qd3 Qb6 11. Qxh7 Rg6 12. Qh8+ Bf8 13. Re1+ Be6 14. Nc3 O-O-O 15. Qh4 Nd4 16. Nxd4 cxd4 17. Bd3 dxc3 18. Bxg6 cxd2 19. Re3 fxg6 20. Qxf6 Bg4 21. Rc3+ Bc5 22. Qd4 d1=Q+ 23. Rxd1 Bxd1 24. Qxd1 Kb8 25. Rf3 d4 26. h4 a5 27. Qd3 Re8 28. Rf7 Re1+ 29. Kh2 Qd6+ 30. f4 Qd8 31. Qg3 d3 32. Qxe1 d2 33.
Qe5+ Bd6 34. Qe4 Bc7 35. Re7 Qxe7 36. Qxe7 d1=Q 37. Qe8+ Ka7 38. Qe3+ Bb6 39. Qd3 Qe1 40. Kh3 Bf2 41. Qxg6 Qh1+ 42. Kg4 Qxg2+ 43. Kf5 Qh3+ 44. Qg4 Qe3 45. h5 Qc5+ 46. Kg6 Qxc2+ 47. Qf5 Qc6+ 48. Qf6 Qe4+ 49. Qf5 Qg2+ 50. Kf7 Kb6 51. h6 Bd4 52. Qg6+ Qxg6+ 53. Kxg6 Kc6 54. f5 Bh8 55. f6 Kd6 56. Kf7 Ke5 57. h7 Bxf6 58. Ke8 Kd6 59. Kf7 Bc3 60.
Ke8 Kc5 61. Kd7 Kb4 62. Kc7 b5 63. Kc6 Bh8 64. Kb6 Bd4+ 65. Kc6 Bg7 66. Kb6 a4 67. Kc6 a3 68. Kb6 Bh8 69. Kc6 Bd4 70. Kd5 Kc3 71. b4 Bh8 72. Kc5 Kb2 73. Kxb5 Kxa2 74. Kc6 Kb3 75. b5 a2 76. b6 a1=Q 77. b7 Qc3+ 78. Kd7 Qd4+ 79. Kc8 Qc5+ 80. Kd7 Qb5+ 81.
Kc7 Qc5+ 82. Kd7 Qb6 83. Kc8 Qc6+ 84. Kb8 Be5+ 85. Ka7 Qa4+ 86. Kb6 Qb4+ 87. Kc6 Kc4 88. h8=Q Qd6# 0-1

[Event "*** MasterClass Titled Tuesday Blitz"]
[Site "Chess.com"]
[Date "2017.10.03"]
[Round "5"]
[White "PulpanJ"]
[Black "Superfelix"]
[Result "0-1"]
[WhiteElo "2332"]
[BlackElo "2303"]
[TimeControl "180+2"]
[EndTime "14:12:42 PDT"]
[Termination "Superfelix won on time"]

1. d4 g6 2. e4 c6 3. Nc3 d5 4. h3 dxe4 5. Nxe4 Nf6 6. Nxf6+ exf6 7. Nf3 Bg7 8. Bd3 O-O 9. O-O a5 10. Bf4 Na6 11. c3 Nc7 12. Qd2 Nd5 13. Bh6 Be6 14.
Rfe1 Re8 15. Bxg7 Kxg7 16. Re2 b5 17. Rae1 a4 18. b3 axb3 19. axb3 Qd7 20. c4 bxc4 21. bxc4 Nb6 22. c5 Nd5 23. Re4 h5 24. R4e2 Ra3 25.
Be4 Nc3 26. Re3 Nxe4 27. Rxe4 Raa8 28. Qe3 Qd5 29. Qf4 Bd7 30. Rxe8 Rxe8 31. Rxe8 Bxe8 32. g4 hxg4 33. hxg4 g5 34. Qe3 Bd7 35. Nh2 Be6 36. f3 Qa2 37. Nf1 Bd5 38. Ng3 Qb1+ 39. Kg2 Qb2+ 40.
Qf2 Qc3 41. Nf5+ Kh7 42. Kg3 Qd3 43. Qh2+ Kg8 44. Ne7+ Kg7 45. Nxd5 cxd5 46. Qf2 Qc3 47. Kg2 Kg8 48. Kf1 Kg7 49. Ke2 Qc2+ 50. Ke1 Qc1+ 51.
Ke2 Qc2+ 52. Kf1 Qd1+ 53. Kg2 Qc1 54. Qe2 Qc3 55. Qd1 Qc4 56. Qd2 Kg6 57. Kf2 Kg7 58.
Ke3 Kg8 59. Qb2 Kg7 60. Kd2 Qf1 61. Qc3 Qf2+ 62. Kc1 Qf1+ 63. Kb2 Qb5+ 64. Ka3 Qa6+ 65. Kb4 Qb7+ 66. Ka3 Qa6+ 67. Kb3 Qb5+ 68. Ka2 Qa4+ 69.
Kb2 Qb5+ 70. Kc1 Qf1+ 71. Kc2 Qe2+ 72. Kb1 Qb5+ 73. Kc2 Qe2+ 74. Kc1 Qf1+ 75. Kc2 Qe2+ 76. Kb3 Qb5+ 77. Qb4 Qd3+ 78. Ka4 Qa6+ 79. Qa5 Qc4+ 80. Qb4 Qa6+ 81. Kb3 Qd3+ 82. Qc3 Qb5+ 83. Ka2 Qa4+ 84. Kb1 Qd1+ 85. Kb2 Qe2+ 86. Kb3 Qb5+ 87. Ka2 Qa4+ 88. Kb1 Qb5+ 89. Ka2 Qa4+ 90. Kb2 Qb5+ 91. Kc1 Qf1+ 92. Kd2 Qf2+ 93. Kd1 Qf1+ 94. Kc2 Qe2+ 95. Qd2 Qxf3 96. c6 Qxg4 97. c7 Qc8 98. Qa5 g4 99. Qa7 g3 100.
Qb8 Qf5+ 101. Kb2 g2 102. c8=Q Qxc8 103. Qxc8 g1=Q 104. Qc5 Qg2+ 105. Ka3 Qe4 106. Kb4 f5 107. Kb5 f4 108. Qc3 f3 109. Qd2 Qf5 110. Qf2 Qg4 111. Qe3 Kg6 112. Qd3+ Qe4 113. Qd2 Qe2+ 0-1

[Event "*** MasterClass Titled Tuesday Blitz"]
[Site "Chess.com"]
[Date "2017.10.03"]
[Round "5"]
[White "GrigorGrigorov"]
[Black "Paralinch"]
[Result "1/2-1/2"]
[WhiteElo "2724"]
[BlackElo "2683"]
[TimeControl "180+2"]
[EndTime "14:15:00 PDT"]
[Termination "Game drawn - insufficient material"]

1. d4 d5 2. c4 dxc4 3. Nf3 Nf6 4. e3 e6 5. Bxc4 c5 6. O-O a6 7. dxc5 Bxc5 8. Qxd8+ Kxd8 9. Ne5 Ke7 10. Be2 Nbd7 11. Nd3 Bd6 12. Nd2 b5 13. a4 Bb7 14. Bf3 Bxf3 15.
Nxf3 bxa4 16. Rxa4 Nb6 17. Ra2 Rhc8 18. Bd2 Ne4 19.
Ba5 Nc4 20. Rfa1 Nxa5 21. Rxa5 Nc5 22. Nxc5 Rxc5 23. R5a2 Rb8 24. g3 a5 25. Rxa5 Rxa5 26. Rxa5 Rxb2 27. Ra7+ Kf6 28. h4 h6 29. Rd7 Bb4 30.
g4 g5 31. hxg5+ hxg5 32. Rb7 Bc3 33. Rc7 Ba5 34. Rc5 Bb4 35. Rc8 Ba5 36. Rg8 Rb5 37. Kg2 Rc5 38. Nh2 Bc7 39. Nf1 Ke7 40. Nd2 f5 41.
Rxg5 Rc2 42. Nf3 fxg4 43. Rxg4 Bb6 44. Re4 Kf6 45. Rf4+ Ke7 46. Kf1 Rc1+ 47. Kg2 Rc2 48. Re4 Kf6 49. Nh2 Kf5 50. Rf4+ Kg6 51. Ng4 Kg7 52. Kf3 Rc7 53. Rf6 Rf7 54. Rxf7+ Kxf7 55.
Ke4 Bc7 56. Ne5+ Kf6 57. Nd7+ Ke7 58. Nc5 Bd6 59. Nd3 Bc7 60. f4 Bb6 61. Ne5 Bc5 62. Ng4 Bb6 63. Kd3 Ba7 64. Kc4 Kd6 65. Kd3 Bb6 66. Ke4 Ba7 67. Ne5 Bc5 68. Nc4+ Ke7 69.
Ke5 Ba7 70. Ke4 Bc5 71. Kf3 Kf6 72. e4 Ba7 73. Kg4 Bd4 74. Kh5 Bc5 75. Kg4 Bf8 76. e5+ Kf7 77. Kh5 Be7 78. Nd2 Ba3 79. Ne4 Bc1 80. Ng5+ Ke7 81. Nh3 Kf7 82. Kh6 Bd2 83. Kh5 Bc1 84. Ng5+ Ke7 85. Kg4 Bd2 86. Ne4 Be3 87.
Kf3 Bc1 88. Nf2 Bd2 89. Nd3 Ba5 90. Kg4 Bd2 91. Nc5 Be3 92. Ne4 Bc1 93. Nf2 Be3 94. Nh1 Bc1 95. Kg5 Kf7 96. Ng3 Be3 97. Ne4 Bc1 98.
Nd6+ Ke7 99. Nc4 Kf7 100. Kg4 Ke7 101. Kf3 Kf7 102. Ke4 Ke7 103. Na5 Bd2 104. Nb3 Be1 105. Nd4 Bd2 106. Nf3 Bc1 107. Ne1 Bd2 108. Nd3 Kf7 109. Kf3 Ke7 110. Kg4 Be3 111. Kg5 Bd2 112. Kg6 Be3 113. Kg5 Bd2 114. Nf2 Be3 115. Ng4 Bc1 116. Nh6 Bd2 117. Ng8+ Kf7 118. Nf6 Bc1 119. Ne4 Be3 120. Kg4 Ke7 121. Nd6 Bc1 122. Kg3 Kd7 123. Kf3 Ke7 124. Kg4 Kd7 125. Nc4 Ke7 126. f5 exf5+ 127. Kxf5 Bh6 128. Nb6 Bc1 129. Nd5+ Ke8 130. e6 Ba3 131. Ke5 Bb2+ 132. Kd6 Ba3+ 133. Ke5 Bb2+ 134. Kf5 Ba3 135. Nf4 Ke7 136. Nd3 Bd6 137. Nf2 Ke8 138. Ne4 Be7 139. Ke5 Ba3 140. Kd5 Be7 141. Ng3 Kd8 142. Nf5 Ke8 143. Ke5 Kd8 144. Ke4 Ke8 145.
Kf3 Kf8 146. Kg4 Ke8 147. Kh5 Ba3 148. Kg6 Bb4 149. Kf6 Bc3+ 150. Kg6 Bb4 151. e7 Bxe7 152. Nxe7 1/2-1/2

[Event "*** MasterClass Titled Tuesday Blitz"]
[Site "Chess.com"]
[Date "2017.10.03"]
[Round "6"]
[White "Vrolijk"]
[Black "Konavets"]
[Result "0-1"]
[WhiteElo "2470"]
[BlackElo "2779"]
[TimeControl "180+2"]
[EndTime "14:18:43 PDT"]
[Termination "Konavets won by resignation"]

1. d4 b6 2. Nf3 Bb7 3. c4 Nf6 4. Nc3 e6 5. a3 d5 6. cxd5 Nxd5 7. e3 Be7 8. Bd3 c5 9. Nxd5 Bxd5 10. dxc5 Bxc5 11.
b4 Be7 12. Bb2 O-O 13. O-O Nd7 14. Rc1 Bf6 15. Bxf6 Nxf6 16. Nd4 Qe7 17. Bb5 Rfd8 18. Qe2 Rac8 19. Ba6 Rxc1 20. Rxc1 e5 21. Nc6 Qc7 22.
Bb5 a6 23. Bxa6 Bxc6 24. b5 Bf3 25. Qb2 Qxc1+ 26. Qxc1 Rd1+ 27. Qxd1 Bxd1 28. a4 Bxa4 0-1

[Event "*** MasterClass Titled Tuesday Blitz"]
[Site "Chess.com"]
[Date "2017.10.03"]
[Round "6"]
[White "peteseeger"]
[Black "PulpanJ"]
[Result "0-1"]
[WhiteElo "2138"]
[BlackElo "2336"]
[TimeControl "180+2"]
[EndTime "14:18:54 PDT"]
[Termination "PulpanJ won by resignation"]

1. e4 c5 2. Nf3 d6 3. Bb5+ Bd7 4. Bxd7+ Nxd7 5. O-O Ngf6 6. Qe2 e6 7. b3 Be7 8. Bb2 O-O 9. d4 cxd4 10. Nxd4 Rc8 11. c4 a6 12. Nc3 Qa5 13. Kh1 Rfe8 14. f4 Qh5 15. Qf2 Nc5 16. Qf3 Qxf3 17. gxf3 Nd3 18. Ba3 Nxf4 0-1

[Event "*** MasterClass Titled Tuesday Blitz"]
[Site "Chess.com"]
[Date "2017.10.03"]
[Round "6"]
[White "igorkovalenko"]
[Black "Keaton87"]
[Result "0-1"]
[WhiteElo "2698"]
[BlackElo "2469"]
[TimeControl "180+2"]
[EndTime "14:18:59 PDT"]
[Termination "Keaton87 won by resignation"]

1. e4 c5 2. Nf3 d6 3. d4 Nf6 4.
Nc3 cxd4 5. Nxd4 g6 6. Be2 Bg7 7. O-O Nc6 8. Nb3 O-O 9. Re1 a5 10.
a4 Be6 11. Bf1 d5 12. Nc5 d4 13.
Nxe6 fxe6 14. Nb5 Nd7 15. Ra3 Nc5 16. f4 e5 17. f5 gxf5 18. exf5 Rxf5 19. Qg4 e6 20.
Rg3 Rf7 21. Qxe6 Nxe6 22. Bc4 Qf6 23. Nd6 Qf2+ 0-1

[Event "*** MasterClass Titled Tuesday Blitz"]
[Site "Chess.com"]
[Date "2017.10.03"]
[Round "6"]
[White "djogrodek1"]
[Black "JSPrepz"]
[Result "0-1"]
[WhiteElo "2394"]
[BlackElo "2526"]
[TimeControl "180+2"]
[EndTime "14:19:35 PDT"]
[Termination "JSPrepz won by resignation"]

1. e4 e6 2. d4 d5 3. Nd2 h6 4. Bd3 c5 5. exd5 Qxd5 6. Ngf3 cxd4 7. O-O Nf6 8. Nb3 Nc6 9. Nbxd4 Be7 10. c3 Nxd4 11.
Nxd4 O-O 12. Qe2 b6 13. Bf4 Bb7 14. Nf3 Rfd8 15. Rfd1 Qc5 16. Bc2 Rac8 17. h3 Qh5 18. Rxd8+ Rxd8 19. Rd1 Rxd1+ 20. Qxd1 Nd5 21. Bb8 a6 22. c4 Nb4 23. Bb1 Nc6 24. Bc7 Bf6 25. b3 Nd4 26. Bxb6 Bxf3 27. gxf3 Nxf3+ 28. Kf1 Nh2+ 29. Ke1 Bc3+ 0-1

[Event "*** MasterClass Titled Tuesday Blitz"]
[Site "Chess.com"]
[Date "2017.10.03"]
[Round "6"]
[White "Msb2"]
[Black "fidetrainerNET"]
[Result "1-0"]
[WhiteElo "2618"]
[BlackElo "2076"]
[TimeControl "180+2"]
[EndTime "14:20:12 PDT"]
[Termination "Msb2 won by checkmate"]

1. d4 Nf6 2. c4 c5 3. d5 b5 4. cxb5 a6 5. bxa6 g6 6. Nc3 Bxa6 7. e4 Bxf1 8. Kxf1 d6 9. g3 Bg7 10. Kg2 O-O 11. Nf3 Nbd7 12. a4 Ng4 13. Qe2 Qa5 14. Nd2 h5 15. h3 Nh6 16. Nc4 Qa6 17. Nb5 Rfc8 18. Bg5 f6 19. Bxh6 Bxh6 20. h4 Nb6 21.
Nxb6 Qxb6 22. g4 hxg4 23. Qxg4 Kg7 24. h5 Rh8 25. Qxg6+ Kf8 26. Kf3 Qa5 27. Rag1 Rb8 28. Rg3 Qxa4 29. Nc7 Rb3+ 30. Kg2 Rxg3+ 31. fxg3 e5 32.
Qxf6+ Kg8 33. Qg6+ Kf8 34. Qxd6+ Kg8 35. Qe6+ Kf8 36.
Rf1+ Kg7 37. Qg6# 1-0

[Event "*** MasterClass Titled Tuesday Blitz"]
[Site "Chess.com"]
[Date "2017.10.03"]
[Round "6"]
[White "livestrong04"]
[Black "chito89"]
[Result "0-1"]
[WhiteElo "2350"]
[BlackElo "2574"]
[TimeControl "180+2"]
[EndTime "14:20:40 PDT"]
[Termination "chito89 won by resignation"]

1. e4 g6 2. d4 Bg7 3. Nc3 d6 4. Be3 a6 5. Qd2 b5 6. f3 Bb7 7. g4 Nd7 8. h4 h5 9. g5 e5 10. Nge2 Ne7 11. Bh3 exd4 12. Nxd4 Ne5 13. O-O Nc4 14. Qc1 Nxe3 15. Qxe3 c5 16. Nde2 Nc6 17. f4 Bd4 18. Nxd4 cxd4 19. Qd2 dxc3 20. Qxc3 Qb6+ 21. Kh2 Qd4 22. Qb3 Na5 23. Qg3 Nc4 24. c3 Qe3 25.
Rf3 Qc5 26. Rd1 O-O 27. b3 Bxe4 28. Rf2 Ne3 29. Re1 Nf5 30. Bxf5 Bxf5 31. Rd2 Rfe8 0-1

[Event "*** MasterClass Titled Tuesday Blitz"]
[Site "Chess.com"]
[Date "2017.10.03"]
[Round "6"]
[White "oskariot"]
[Black "JammyDodger91"]
[Result "1-0"]
[WhiteElo "2490"]
[BlackElo "2406"]
[TimeControl "180+2"]
[EndTime "14:21:09 PDT"]
[Termination "oskariot won by resignation"]

1. c4 Nf6 2. g3 g6 3. Bg2 Bg7 4. Nc3 O-O 5. e4 d6 6. Nge2 e5 7.
O-O Nc6 8. h3 Nd7 9. d3 Nc5 10.
f4 exf4 11. d4 f3 12. Rxf3 Nd7 13. Be3 Nb6 14. b3 f5 15. exf5 Bxf5 16. Qd2 a5 17. Raf1 a4 18. g4 Bd7 19. Rxf8+ Bxf8 20. Ng3 axb3 21. axb3 Bg7 22. c5 Nc8 23. Bg5 Qe8 24.
Nd5 Bxd4+ 25. Qxd4 Nxd4 26. Nf6+ Kg7 27. Nxe8+ 1-0

[Event "*** MasterClass Titled Tuesday Blitz"]
[Site "Chess.com"]
[Date "2017.10.03"]
[Round "6"]
[White "josiwales"]
[Black "lukas_111111"]
[Result "0-1"]
[WhiteElo "2355"]
[BlackElo "2371"]
[TimeControl "180+2"]
[EndTime "14:21:20 PDT"]
[Termination "lukas_111111 won by resignation"]

1. e4 e6 2. d3 d5 3. Qe2 c5 4.
Nf3 Nf6 5. e5 Nfd7 6. g3 Nc6 7.
Bg2 Be7 8. h4 b5 9. O-O O-O 10.
h5 h6 11. g4 f6 12. exf6 Nxf6 13. g5 hxg5 14. Nxg5 Nd4 15. Qd1 Nd7 16. f4 Bxg5 17.
fxg5 Rxf1+ 18. Qxf1 Nxc2 19. Qe2 Nd4 20. Qf2 Ne5 21. Bf4 Nxd3 22. Qh4 Nxf4 23. Nc3 Nxg2 24.
Kxg2 Nf5 25. Qf4 e5 26. Qxe5 Qxg5+ 27. Kf2 Bb7 28. Rg1 Qd2+ 29. Ne2 Rf8 30. Kg2 Qe3 0-1

[Event "*** MasterClass Titled Tuesday Blitz"]
[Site "Chess.com"]
[Date "2017.10.03"]
[Round "6"]
[White "Incognito_Knight"]
[Black "OparinGrigoriy"]
[Result "0-1"]
[WhiteElo "2467"]
[BlackElo "2668"]
[TimeControl "180+2"]
[EndTime "14:21:44 PDT"]
[Termination "OparinGrigoriy won by resignation"]

1. e4 c5 2. Nf3 d6 3. d4 cxd4 4. Nxd4 Nf6 5. f3 e5 6. Nb3 d5 7. Bg5 d4 8. c3 Nc6 9. Bb5 h6 10. Bh4 Bd7 11. cxd4 Bb4+ 12. N1d2 exd4 13. a3 Be7 14.
Nc4 O-O 15. Bxc6 Bxc6 16. Nxd4 Rc8 17. Rc1 Nxe4 18. Bxe7 Qxe7 19. Nxc6 Qh4+ 20. g3 Nxg3 21. Qd4 Qxd4 22. Nxd4 Nxh1 23. Kf1 Rfd8 24. Nf5 Rc5 25.
Ne7+ Kf8 26. b4 Rc7 27. Nf5 b5 0-1

[Event "*** MasterClass Titled Tuesday Blitz"]
[Site "Chess.com"]
[Date "2017.10.03"]
[Round "6"]
[White "catalin009"]
[Black "Masterbeaterr"]
[Result "1-0"]
[WhiteElo "2364"]
[BlackElo "2281"]
[TimeControl "180+2"]
[EndTime "14:21:48 PDT"]
[Termination "catalin009 won by resignation"]

1. Nf3 g6 2. g3 Bg7 3. Bg2 d5 4. O-O c6 5. d3 Nf6 6. Nbd2 O-O 7. e4 Bg4 8. h3 Bxf3 9. Qxf3 e6 10. Re1 Nbd7 11.
Nb3 dxe4 12. dxe4 Ne5 13. Qe2 b5 14. Nc5 Qe7 15. Nd3 Nxd3 16. cxd3 Rfd8 17. Be3 Nd7 18. Rac1 Rdc8 19. d4 Nb6 20. b3 Qb4 21. Red1 Rd8 22.
Rxc6 Bxd4 23. a3 Qxb3 24. Rxd4 Qxa3 25. Qxb5 Qa1+ 26. Rc1 Qxc1+ 27. Bxc1 Rxd4 28. Bb2 Rd2 29. Qe5 1-0

[Event "*** MasterClass Titled Tuesday Blitz"]
[Site "Chess.com"]
[Date "2017.10.03"]
[Round "6"]
[White "MaxLeto"]
[Black "Jospem"]
[Result "1-0"]
[WhiteElo "2348"]
[BlackElo "2541"]
[TimeControl "180+2"]
[EndTime "14:22:00 PDT"]
[Termination "MaxLeto won by resignation"]

1. b3 Nf6 2. Bb2 e6 3. e3 g6 4. Nf3 Bg7 5. Be2 O-O 6. c4 b6 7. d4 Bb7 8. O-O d6 9. Nc3 Nbd7 10. a4 a5 11. Rc1 Ne4 12. Qc2 f5 13. Nd2 Nxd2 14.
Qxd2 Nf6 15. Rfd1 g5 16. Qe1 g4 17. Qf1 Qe8 18. Nb5 Rf7 19. c5 Qd8 20. cxd6 cxd6 21.
Ba3 Bf8 22. Rc2 h5 23. Rdc1 Rc8 24. Rxc8 Bxc8 25. Bc4 Rg7 26. Qd1 h4 27. Qc2 Kh7 28. Bd3 Bb7 29. Nc7 Qd7 30. Nxe6 Ne4 31. Nxf8+ Kh6 32.
Nxd7 g3 33. fxg3 hxg3 34. h3 Rxd7 35. Qe2 Nf2 36. Bxf5 Rf7 37. e4 d5 38. Qe3+ Kh5 39. Qf3+ Kh4 40. Qf4+ Kh5 41. Qxg3 dxe4 42. Qg6+ 1-0

[Event "*** MasterClass Titled Tuesday Blitz"]
[Site "Chess.com"]
[Date "2017.10.03"]
[Round "6"]
[White "kleinebeer98"]
[Black "VladDobrov"]
[Result "0-1"]
[WhiteElo "2496"]
[BlackElo "2624"]
[TimeControl "180+2"]
[EndTime "14:22:08 PDT"]
[Termination "VladDobrov won by checkmate"]

1. e4 c5 2. Nf3 d6 3. d4 cxd4 4.
Nxd4 Nf6 5. Nc3 a6 6. Be3 e5 7.
Nb3 Be6 8. f3 h5 9. Nd5 Bxd5 10.
exd5 Nbd7 11. Qd2 g6 12. Be2 Bg7 13. O-O O-O 14. c4 b6 15. Kh1 a5 16. Rac1 Re8 17.
Na1 Nc5 18. Nc2 Qd7 19. Na3 h4 20. Nb5 h3 21. g3 Rad8 22. Rb1 Qf5 23. b4 axb4 24.
Rxb4 Re7 25. Nc3 Rb8 26. Rfb1 Reb7 27. a4 e4 28. f4 Ng4 29. Bd4 e3 30. Bxe3 Bxc3 31.
Qxc3 Qe4+ 32. Kg1 Qg2# 0-1

[Event "*** MasterClass Titled Tuesday Blitz"]
[Site "Chess.com"]
[Date "2017.10.03"]
[Round "6"]
[White "calemcc"]
[Black "Lawliet64"]
[Result "1/2-1/2"]
[WhiteElo "2175"]
[BlackElo "2052"]
[TimeControl "180+2"]
[EndTime "14:22:17 PDT"]
[Termination "Game drawn by repetition"]

1. d4 Nf6 2. c4 c5 3. Nf3 g6 4. Nc3 cxd4 5. Nxd4 Nc6 6. g3 Nxd4 7. Qxd4 Bg7 8. Bg2 O-O 9. O-O d6 10. Qd2 Qa5 11. Nd5 Qd8 12. Nc3 Qa5 13. a3 Qh5 14. b4 Bh3 15. Bf3 Bg4 16. Bxb7 Bh3 17. Re1 Be6 18. Bf3 Bg4 19. Bg2 Bh3 20. Bb2 Bxg2 21. Kxg2 Ng4 22. h3 Ne5 23. Qf4 Rfc8 24. Nd5 Rxc4 25. Qd2 Kf8 26. Rad1 Rac8 27. f4 Rc2 28.
Rc1 Rxc1 29. Rxc1 Rxc1 30. Qxc1 Qxe2+ 31. Kh1 Qf3+ 32. Kh2 Qf2+ 33. Kh1 Qf3+ 34. Kh2 Qf2+ 35. Kh1 Qf3+ 36. Kh2 Qf2+ 37. Kh1 Qf3+ 38. Kh2 Qf2+ 39. Kh1 Qf3+ 1/2-1/2

[Event "*** MasterClass Titled Tuesday Blitz"]
[Site "Chess.com"]
[Date "2017.10.03"]
[Round "6"]
[White "BillCoe"]
[Black "Daniela_Movileanu"]
[Result "1-0"]
[WhiteElo "1968"]
[BlackElo "2084"]
[TimeControl "180+2"]
[EndTime "14:22:23 PDT"]
[Termination "BillCoe won by resignation"]

1. e4 c5 2. Nf3 d6 3. d4 cxd4 4.
Nxd4 Nf6 5. Nc3 a6 6. h3 e5 7. Nde2 Be6 8. g4 h5 9. g5 Nfd7 10. h4 Nc6 11. Be3 Be7 12. Bh3 Qa5 13. Bxe6 fxe6 14.
O-O Nf8 15. f4 exf4 16. Nxf4 Ne5 17. Qe2 Ng4 18. Rae1 Nxe3 19. Qxe3 d5 20. Qf3 d4 21. Nce2 O-O-O 22. e5 Qb6 23. Nd3 Nd7 24. Qf7 Rde8 25. Nef4 Nc5 26. Ng6 Bd8 27. Nxh8 Rxh8 28. Nxc5 Qxc5 29.
Qxe6+ Kb8 30. Qd6+ Qxd6 31. exd6 Kc8 32. Rf7 g6 33.
d7+ Kc7 34. Re8 Bxg5 35. hxg5 1-0

[Event "*** MasterClass Titled Tuesday Blitz"]
[Site "Chess.com"]
[Date "2017.10.03"]
[Round "6"]
[White "tigra"]
[Black "Diwi89"]
[Result "1-0"]
[WhiteElo "2660"]
[BlackElo "2537"]
[TimeControl "180+2"]
[EndTime "14:22:37 PDT"]
[Termination "tigra won by resignation"]

1. e4 c5 2. Nf3 Nc6 3. d4 cxd4 4. Nxd4 Nf6 5. Nc3 e5 6. Ndb5 d6 7. Bg5 a6 8. Bxf6 gxf6 9. Na3 b5 10. Nd5 f5 11.
Bxb5 axb5 12. Nxb5 Ra4 13. Nbc7+ Kd7 14. Qh5 Rxe4+ 15.
Kf1 Ne7 16. Qxf7 Kc6 17. Rd1 Nxd5 18. Nxd5 Ba6+ 19. Kg1 Qd7 20. Qh5 Be2 21. Nb4+ Kb7 22. Qh3 Rxb4 23. Re1 Bb5 24. b3 Bc6 25. Qc3 d5 26. Qxe5 Rg8 27. f3 Bc5+ 28. Kf1 Bd4 29. Qe7 Re8 30. Qxb4+ Bb6 31. a4 Ka7 32. a5 Rxe1+ 33.
Kxe1 Be3 34. Kd1 f4 35. Re1 Ka8 36. Qf8+ Ka7 37. c3 d4 38. Qc5+ Ka8 39. cxd4 Bxd4 40. Qf8+ 1-0

[Event "*** MasterClass Titled Tuesday Blitz"]
[Site "Chess.com"]
[Date "2017.10.03"]
[Round "6"]
[White "PowerThinking2650"]
[Black "JosephRyan"]
[Result "1-0"]
[WhiteElo "2145"]
[BlackElo "2215"]
[TimeControl "180+2"]
[EndTime "14:22:41 PDT"]
[Termination "PowerThinking2650 won by checkmate"]

1. e4 c6 2. d4 d5 3. exd5 cxd5 4. Bd3 Nc6 5. c3 Nf6 6. Nf3 Bg4 7. h3 Bh5 8. Bf4 e6 9. Nbd2 Bd6 10. Bxd6 Qxd6 11. O-O O-O 12. Qe2 a6 13. Rfe1 b5 14. b4 Bxf3 15.
Nxf3 a5 16. a3 axb4 17. axb4 Rab8 18. Bxb5 Ne7 19. Bd3 Rfc8 20. Ra3 Rc7 21. Ne5 Nd7 22. Ra6 Nb6 23. Bxh7+ Kf8 24. Qf3 f6 25. Ng6+ Nxg6 26. Bxg6 Rbc8 27. Qh5 Rxc3 28. Qh8+ Ke7 29. Qxg7+ Kd8 30.
Ra7 R8c7 31. Qg8+ Kd7 32. Qe8# 1-0

[Event "*** MasterClass Titled Tuesday Blitz"]
[Site "Chess.com"]
[Date "2017.10.03"]
[Round "6"]
[White "saraswathii"]
[Black "chessking2151"]
[Result "0-1"]
[WhiteElo "2279"]
[BlackElo "2386"]
[TimeControl "180+2"]
[EndTime "14:22:47 PDT"]
[Termination "chessking2151 won by resignation"]

1. e4 e5 2. d3 Nc6 3. Nf3 Bc5 4. g3 d6 5. Bg2 Nf6 6. O-O O-O 7. Qe2 Bg4 8. c3 Re8 9. Be3 Bxe3 10. Qxe3 d5 11. h3 Bh5 12. Na3 d4 13. cxd4 Bxf3 14. Bxf3 Nxd4 15. Rac1 c6 16. Bg2 Nd7 17. Nc4 Qe7 18.
f4 f6 19. fxe5 fxe5 20. Rf2 Rf8 21. Rcf1 Rxf2 22. Rxf2 b5 23. Nd2 Rf8 24. Nf3 Nxf3+ 25. Bxf3 Qc5 26. Qe2 Qd4 27. Kg2 Nc5 28. Bg4 Rxf2+ 29.
Qxf2 Qxf2+ 30. Kxf2 Nxd3+ 31. Ke3 Nxb2 32. Bd7 Nc4+ 33.
Kd3 Na5 34. Kc3 Kf7 35. Kb4 Ke7 36. Bf5 Nb7 37. Bxh7 a5+ 38. Kc3 Nc5 39. h4 Kf6 40. h5 Kg5 41. Bg6 Ne6 42. Be8 Nd4 43. Kd3 Kg4 0-1